 Dungeon Crawl Stone Soup version 0.21.1-1-g345015f (webtiles) character file.

529 tidbits the Insei (level 7, -4/52 HPs)
             Began as a Gnoll Transmuter on Feb 19, 2018.
             Slain by a crocodile (18 damage)
             ... on level 7 of the Dungeon.
             The game lasted 00:08:49 (970 turns).

tidbits the Insei (Gnoll Transmuter)                 Turns: 970, Time: 00:08:50

Health: -4/52      AC:  2    Str: 13    XL:     7   Next: 24%
Magic:  5/15       EV: 24    Int: 17    God:
Gold:   11         SH:  0    Dex: 20    Spells: 11/17 levels left

rFire    . . .     SeeInvis .     - Unarmed
rCold    . . .     Gourm    .   (shield currently unavailable)
rNeg     . . .     Faith    .   (armour currently unavailable)
rPois    x         Spirit   .   (helmet currently unavailable)
rElec    .         Reflect  .   (cloak currently unavailable)
rCorr    .         Harm     .   (gloves currently unavailable)
MR       .....                  (boots currently unavailable)
Stlth    ++........             (no amulet)
HPRegen  0.17/turn              (no ring)
MPRegen  0.14/turn              (no ring)

@: spider-form
A: tiny, distributed training, strong nose
a: End Transformation


You were on level 7 of the Dungeon.
You were hungry.
You were a venomous arachnid creature.
You visited 1 branch of the dungeon, and saw 8 of its levels.
You also visited: Sewer.

You collected 109 gold pieces.
You spent 98 gold pieces at shops.

Inventory:

Hand Weapons
 l - a +0 dagger
 m - a +0 hunting sling
Missiles
 a - 31 arrows
 g - 33 stones (quivered)
 p - 2 tomahawks
Armour
 b - a +0 robe (melded)
 E - a +1 helmet of intelligence (melded)
   (You found it on level 4 of the Dungeon)
Scrolls
 f - 3 scrolls of fear {unknown}
 i - 4 scrolls of teleportation {unknown}
 j - a scroll of fog {unknown}
 k - 4 scrolls of magic mapping {unknown}
 q - a scroll of identify {unknown}
 s - a scroll of enchant weapon {unknown}
 t - a scroll of amnesia
 u - a scroll of remove curse {unknown}
 w - a scroll of noise {unknown}
Potions
 e - 2 potions of heal wounds {unknown}
 h - a potion of agility
 n - a potion of magic {unknown}
 o - 3 potions of curing {unknown}
 r - a potion of resistance {unknown}
 v - a potion of cancellation {unknown}
Books
 d - a book of Changes

   Spells                             Type                      Level
   a - Beastly Appendage              Transmutation                1
   b - Sticks to Snakes               Transmutation                2
   c - Spider Form                    Transmutation/Poison         3
   d - Ice Form                       Ice/Transmutation            4
   e - Blade Hands                    Transmutation                5
Comestibles
 c - 5 rations


   Skills:
 + Level 3.5 Fighting
 + Level 2.3 Short Blades
 + Level 2.3 Long Blades
 + Level 2.3 Axes
 + Level 2.3 Maces & Flails
 + Level 2.3 Polearms
 + Level 2.3 Staves
 + Level 2.3 Slings
 + Level 2.3 Bows
 + Level 2.3 Crossbows
 + Level 2.3 Throwing
 + Level 2.3 Armour
 + Level 5.1 Dodging
 + Level 2.3 Stealth
 + Level 2.3 Shields
 + Level 7.0 Unarmed Combat
 + Level 5.5 Spellcasting
 + Level 1.9 Conjurations
 + Level 1.9 Hexes
 + Level 1.9 Charms
 + Level 1.9 Summonings
 + Level 1.9 Necromancy
 + Level 1.9 Translocations
 + Level 4.2 Transmutations
 + Level 1.9 Fire Magic
 + Level 1.9 Ice Magic
 + Level 1.9 Air Magic
 + Level 1.9 Earth Magic
 + Level 1.9 Poison Magic
 + Level 2.5 Invocations
 + Level 2.3 Evocations


You had 11 spell levels left.
You knew the following spells:

 Your Spells              Type           Power        Failure   Level  Hunger
e - Beastly Appendage     Tmut           ###...       9%          1    None
k - Sticks to Snakes      Tmut           ###.....     12%         2    #......
p - Spider Form           Tmut/Pois      ###.......   26%         3    ##.....


Dungeon Overview and Level Annotations

Branches:
Dungeon (8/15)
 Temple: D:4-7         Lair: D:8-11

Altars:
Gozag

Shops:
D:3 *   D:8 *


Innate Abilities, Weirdness & Mutations

Your experience applies equally to all skills.
((You have very sharp teeth.))
Your uncanny sense of smell can sniff out nearby items.


Message History

The hungry ghost hits you.
* * * LOW HITPOINT WARNING * * *
You feel somewhat more hungry.
Your ball python closely misses the hungry ghost.
You closely miss the hungry ghost.
The hungry ghost is severely damaged.
Your ball python completely misses the hungry ghost.
Your ball python closely misses the hungry ghost.
You bite the hungry ghost!
The hungry ghost is almost destroyed.
The hungry ghost misses you.
Your ball python completely misses the hungry ghost.
Your ball python misses the hungry ghost.
You barely miss the hungry ghost.
The hungry ghost is almost destroyed.
The hungry ghost completely misses you.
Your ball python misses the hungry ghost.
Your ball python bites the hungry ghost.
You bite the hungry ghost!
You destroy the hungry ghost!
Your Unarmed Combat skill increases to level 7!
You have reached level 7!
You see here a scroll labeled ATIGAIMORIUF.
i - 4 scrolls labeled ATIGAIMORIUF (gained 1)
Okay, then.
Adjust (i)tems, (s)pells, or (a)bilities?
Adjust which item? (? for menu, Esc to quit)
d - 5 rations Adjust to which letter? (? for menu, Esc to quit)
c - 5 rations;
d - a book of Changes You swap places.
Your transformation is almost over.
You see here a worker ant corpse.
You butcher the worker ant corpse.
Eat one of 2 chunks of flesh? (ye/n/q)
You eat one of the 2 chunks of flesh.
This raw flesh tastes terrible.
You are feeling very hungry.
You swap places.
Your ball python withers and dies!
Your transformation has ended.
Your +1 helmet of intelligence unmelds from your body.
Your +0 robe unmelds from your body.
You feel clever.
There is an entrance to Tihuveza's Assorted Antiques here.
v - a viscous amethyst potion
t - 2 scrolls labeled ITUN CURPHO (gained 1)
w - a scroll labeled JUSETSA ENYR Thank you for shopping at Tihuveza's Assorted Antiques!
You can access your shopping list by pressing '$'.
As you read the scroll labeled ITUN CURPHO, it crumbles to dust.
It is a scroll of amnesia.
Okay, then.
Unknown command.
There is a fountain of clear blue water here.
You see here a chunk of flesh.
Eat a chunk of flesh? (ye/n/q)
You eat the chunk of flesh.
This raw flesh tastes terrible.
You hear the slow hiss of a distant avalanche of sand.
You are feeling hungry.
Your ball python withers and dies!
Found a robe.
A basilisk, a crocodile and a yak come into view.
The basilisk hisses angrily.
The yak bellows!
Found 13 poisoned needles.
A porcupine comes into view.
You hear an angry hiss.
The basilisk gazes at you.
You are slowing down.
Unknown command.
The basilisk gazes at you.
Your limbs have turned to stone.
You have turned to stone.
The crocodile bites you. The crocodile bites you!
* * * LOW HITPOINT WARNING * * *
The crocodile bites you!
* * * LOW HITPOINT WARNING * * *
The crocodile bites you!
* * * LOW HITPOINT WARNING * * *
You turn to flesh and can move again.
Unknown command.
Unknown command.
Unknown command.
Unknown command.
Casting: Sticks to Snakes
Confirm with . or Enter, or press ? or * to list all spells.
You turn into a venomous arachnid creature.
Your +1 helmet of intelligence melds into your body.
Your +0 robe melds into your body.
You feel stupid. The crocodile misses you.
Unknown command.
There is a stone staircase leading up here.
The crocodile misses you.
You climb upwards.
There is a stone staircase leading down here.
Unknown command.
Casting: Spider Form
Confirm with . or Enter, or press ? or * to list all spells.
You create a snake!
You now have 31 arrows.
The crocodile bites you!!
You die...

##+##
#...#
#S..#∆
+.<.#
#.st#
#####
∆


You could see a crocodile and a friendly adder.

Vanquished Creatures
  A hungry ghost (D:8)
  An ogre (D:5)
  A centaur (D:5)
  A jelly (D:5)
  2 orc priests (D:5)
  2 worker ants
  4 adders
  2 worms
  8 orcs
  2 ball pythons (Sewer)
  2 bats
  A giant cockroach (D:4)
  A goblin (D:2)
  3 hobgoblins
  A kobold (D:3)
  9 frilled lizards
  4 rats
45 creatures vanquished.

Vanquished Creatures (collateral kills)
  An orc priest (D:3)
  Jessica (D:3)
  An orc (D:3)
3 creatures vanquished.

Vanquished Creatures (others)
  3 plants (D:8)
3 creatures vanquished.

Grand Total: 51 creatures vanquished

Notes
Turn   | Place    | Note
-------+----------+-------------------------------------------
     0 | D:1      | tidbits the Gnoll Transmuter began the quest for the Orb.
     0 | D:1      | Reached XP level 1. HP: 17/17 MP: 6/6
   143 | D:2      | Reached XP level 2. HP: 21/23 MP: 4/7
   147 | D:2      | Learned a level 2 spell: Sticks to Snakes
   183 | D:3      | Found an opulent altar of Gozag.
   187 | D:3      | Found Gozag's Platinum Reserve.
   201 | D:3      | Noticed Jessica
   205 | D:3      | Killed Jessica
   205 | D:3      | Reached skill level 5 in Spellcasting
   205 | D:3      | Reached skill level 1 in Invocations
   205 | D:3      | Reached XP level 3. HP: 28/28 MP: 4/9
   210 | D:3      | Learned a level 3 spell: Spider Form
   240 | D:3      | Reached skill level 1 in Short Blades
   240 | D:3      | Reached skill level 1 in Long Blades
   240 | D:3      | Reached skill level 1 in Axes
   240 | D:3      | Reached skill level 1 in Maces & Flails
   240 | D:3      | Reached skill level 1 in Polearms
   240 | D:3      | Reached skill level 1 in Staves
   240 | D:3      | Reached skill level 1 in Slings
   240 | D:3      | Reached skill level 1 in Bows
   240 | D:3      | Reached skill level 1 in Crossbows
   240 | D:3      | Reached skill level 1 in Throwing
   240 | D:3      | Reached skill level 1 in Armour
   240 | D:3      | Reached skill level 1 in Stealth
   240 | D:3      | Reached skill level 1 in Shields
   240 | D:3      | Reached skill level 1 in Evocations
   240 | D:3      | Reached XP level 4. HP: 32/34 MP: 3/11
   305 | D:3      | Found a glowing drain.
   316 | Sewer    | Entered a sewer
   344 | Sewer    | Reached skill level 1 in Conjurations
   344 | Sewer    | Reached skill level 1 in Hexes
   344 | Sewer    | Reached skill level 1 in Charms
   344 | Sewer    | Reached skill level 1 in Summonings
   344 | Sewer    | Reached skill level 1 in Necromancy
   344 | Sewer    | Reached skill level 1 in Translocations
   344 | Sewer    | Reached skill level 1 in Fire Magic
   344 | Sewer    | Reached skill level 1 in Ice Magic
   344 | Sewer    | Reached skill level 1 in Air Magic
   344 | Sewer    | Reached skill level 1 in Earth Magic
   344 | Sewer    | Reached skill level 1 in Poison Magic
   692 | D:4      | Reached XP level 5. HP: 31/40 MP: 5/12
   744 | D:5      | Entered Level 5 of the Dungeon
   744 | D:5      | Noticed a centaur
   758 | D:5      | Killed a centaur
   758 | D:5      | Reached skill level 3 in Fighting
   758 | D:5      | Reached skill level 4 in Transmutations
   758 | D:5      | Reached XP level 6. HP: 25/47 MP: 4/13
   761 | D:5      | Reached skill level 2 in Invocations
   822 | D:5      | Reached skill level 2 in Short Blades
   822 | D:5      | Reached skill level 2 in Long Blades
   822 | D:5      | Reached skill level 2 in Axes
   822 | D:5      | Reached skill level 2 in Maces & Flails
   822 | D:5      | Reached skill level 2 in Polearms
   822 | D:5      | Reached skill level 2 in Staves
   822 | D:5      | Reached skill level 2 in Slings
   822 | D:5      | Reached skill level 2 in Bows
   822 | D:5      | Reached skill level 2 in Crossbows
   822 | D:5      | Reached skill level 2 in Throwing
   822 | D:5      | Reached skill level 2 in Armour
   822 | D:5      | Reached skill level 5 in Dodging
   822 | D:5      | Reached skill level 2 in Stealth
   822 | D:5      | Reached skill level 2 in Shields
   822 | D:5      | Reached skill level 2 in Evocations
   879 | D:6      | Noticed an orc warrior
   899 | D:8      | Found Tihuveza's Assorted Antiques.
   907 | D:8      | Noticed a hungry ghost
   926 | D:8      | Killed a hungry ghost
   926 | D:8      | Reached skill level 7 in Unarmed Combat
   926 | D:8      | Reached XP level 7. HP: 23/52 MP: 3/15
   942 | D:8      | Bought a viscous amethyst potion for 30 gold pieces
   942 | D:8      | Bought a scroll labeled ITUN CURPHO for 34 gold pieces
   942 | D:8      | Bought a scroll labeled JUSETSA ENYR for 34 gold pieces
   953 | D:8      | Noticed a basilisk
   953 | D:8      | Noticed a yak
   970 | D:7      | Slain by a crocodile

Skill      XL: |  1  2  3  4  5  6 |
---------------+-------------------+-----
Spellcasting   | 5 |  5.5
Invocations    | 1 2 |  2.5
Short Blades   | 1 2 |  2.3
Long Blades    | 1 2 |  2.3
Axes           | 1 2 |  2.3
Maces & Flails | 1 2 |  2.3
Polearms       | 1 2 |  2.3
Staves         | 1 2 |  2.3
Slings         | 1 2 |  2.3
Bows           | 1 2 |  2.3
Crossbows      | 1 2 |  2.3
Throwing       | 1 2 |  2.3
Armour         | 1 2 |  2.3
Stealth        | 1 2 |  2.3
Shields        | 1 2 |  2.3
Evocations     | 1 2 |  2.3
Conjurations   | 1 |  1.9
Hexes          | 1 |  1.9
Charms         | 1 |  1.9
Summonings     | 1 |  1.9
Necromancy     | 1 |  1.9
Translocations | 1 |  1.9
Fire Magic     | 1 |  1.9
Ice Magic      | 1 |  1.9
Air Magic      | 1 |  1.9
Earth Magic    | 1 |  1.9
Poison Magic   | 1 |  1.9
Fighting       | 3 |  3.5
Transmutations | 4 |  4.2
Dodging        | 5 |  5.1
Unarmed Combat | 7 |  7.0

Action                   |  1- 3 |  4- 6 |  7- 9 || total
-------------------------+-------+-------+-------++-------
Melee: Unarmed           |    28 |   116 |       ||   144
       Kick              |     3 |     3 |       ||     6
       Bite              |     1 |     2 |       ||     3
       Headbutt          |     2 |     2 |       ||     4
Throw: Stone             |       |     1 |       ||     1
 Cast: Beastly Appendage |     7 |     8 |       ||    15
       Sticks to Snakes  |     2 |     8 |     1 ||    11
       Spider Form       |       |     9 |     1 ||    10
  Use: Potion            |       |     2 |       ||     2
       Scroll            |       |       |     1 ||     1
 Stab: Distracted        |       |     2 |       ||     2
       Sleeping          |       |     1 |       ||     1
  Eat: Chunk             |       |     1 |     2 ||     3
Armor: Robe              |     2 |     5 |       ||     7
       Skin              |       |     3 |       ||     3
Dodge: Dodged            |    15 |   104 |     2 ||   121

Table legend:
 A = Turns spent in this place as a percentage of turns spent in the entire game.
 B = Non-inter-level travel turns spent in this place as a percentage of non-inter-level travel turns spent in the entire game.
 C = Inter-level travel turns spent in this place as a percentage of turns spent in this place.
 D = Turns resting spent in this place as a percentage of non-inter-level travel turns spent in this place.
 E = Turns spent auto-exploring this place as a percentage of non-inter-level travel turns spent in this place.
 F = Non-inter-level travel turns spent in this place divided by the number of levels of this place that you've seen.
                   A       B       C       D       E      F
               +-------+-------+-------+-------+-------+----------------------
         Total | 100.0 | 100.0 |   0.0 |   0.0 |   0.0 | 107.8
       Dungeon |  74.3 |  74.3 |   0.0 |   0.0 |   0.0 |  90.1
         Sewer |  25.7 |  25.7 |   0.0 |   0.0 |   0.0 | 249.0
               +-------+-------+-------+-------+-------+----------------------

Table legend:
 A = Kills in this place as a percentage of kills in entire the game.
 B = Kills by you in this place as a percentage of kills by you in the entire game.
 C = Kills by friends in this place as a percentage of kills by friends in the entire game.
 D = Other kills in this place as a percentage of other kills in the entire game.
 E = Experience gained in this place as a percentage of experience gained in the entire game.
 F = Experience gained in this place divided by the number of levels of this place that you have seen.
                   A       B       C       D       E      F
               +-------+-------+-------+-------+-------+----------------------
         Total | 100.0 | 100.0 | 100.0 |   N/A | 100.0 |  84.1
       Dungeon |  72.9 |  71.1 | 100.0 |   N/A |  96.4 |  91.2
         Sewer |  27.1 |  28.9 |   0.0 |   N/A |   3.6 |  27.0
               +-------+-------+-------+-------+-------+----------------------

Vault maps used:
D:1:      eino_arrival_cavern_a
D:2:      uniq_robin
D:3:      nicolae_gozag_zags_fifth_avenue, first_ration, portal_sewer_entry_d,
          uniq_natasha, uniq_ijyb, uniq_jessica
D:5:      temple_pool_b, uniq_grinder
D:6:      lemuel_insect_pit, serial_shops, nicolae_shop_trees,
          uniq_crazy_yiuf_cottage, uniq_edmund, uniq_sigmund
D:8:      minmay_lair_entry_grove, nicolae_ossuary_entry_ruins, serial_shops,
          nicolae_shop_temple_entry_statues_fountains, grunt_qazlal_clouds
Sewer:    sewer_co_cracked_pipes
